 Dungeon Crawl Stone Soup version 0.27-a0-965-gbf8bb431c4 (webtiles) character file.

Game seed: 11516214922900040843

256 spiderkeys the Distorting Demonspawn (level 5, 0/42 HPs)
             Began as a Demonspawn Abyssal Knight on Apr 12, 2021.
             Was a Believer of Lugonu.
             Succumbed to a scorpion's poison
             ... on level 4 of the Dungeon.
             The game lasted 00:05:08 (4983 turns).

spiderkeys the Distorting Demonspawn (DsAK)         Turns: 4983, Time: 00:05:09

Health: 0/42       AC:  6    Str: 14    XL:     5   Next: 92%
Magic:  7/8        EV: 13    Int: 13    God:    Lugonu [**....]
Gold:   88         SH:  0    Dex: 12    Spells: 4/4 levels left

rFire    + . .     SeeInvis .   a - +1 spear
rCold    . . .     Faith    .   (no shield)
rNeg     . . .     Spirit   .   o - +0 ring mail
rPois    .         Reflect  .   (no helmet)
rElec    .         Harm     .   (no cloak)
rCorr    .         Rampage  .   (no gloves)
Will     .....                  k - +0 pair of boots
Stlth    +.........             (no amulet)
HPRegen  0.14/turn              d - ring of protection from fire
MPRegen  0.11/turn              (no ring)

@: lethally poisoned (0 -> -9)
A: repulsion field 1, foul stench 1
a: Renounce Religion, Depart the Abyss, Bend Space


You were on level 4 of the Dungeon.
You worshipped Lugonu.
Lugonu was pleased with you.
You visited 1 branch of the dungeon, and saw 6 of its levels.
You visited the Abyss 1 time.

You collected 88 gold pieces.

Inventory:

Hand Weapons
 a - a +1 spear (weapon)
Armour
 b - a +0 leather armour
 k - a +0 pair of boots (worn)
 o - a +0 ring mail (worn)
Jewellery
 d - a ring of protection from fire (left hand)
Scrolls
 i - a scroll of amnesia
 m - a scroll of teleportation
Potions
 f - a potion of magic
 g - a potion of might


   Skills:
 + Level 3.7 Fighting
 * Level 3.5 Polearms
 + Level 2.8 Armour
 + Level 2.1 Dodging
 + Level 4.1 Invocations


You had 4 spell levels left.
You didn't know any spells.
Your spell library contained the following spells:

 Spells                   Type           Power      Damage    Failure   Level
 Animate Skeleton         Necr           0%         N/A       52%         1
 Apportation              Tloc           0%         N/A       52%         1
 Corona                   Hex            0%         N/A       52%         1
 Summon Small Mammal      Summ           0%         N/A       52%         1
 Ensorcelled Hibernation  Hex/Ice        0%         N/A       67%         2
 Confusing Touch          Hex            0%         N/A       88%         3
 Dazzling Flash           Conj/Hex       0%         N/A       88%         3
 Tukima's Dance           Hex            0%         N/A       88%         3


Dungeon Overview and Level Annotations

Branches:
Dungeon (6/15)
 Temple: D:4-7

Altars:

Annotations:
D:3 Purgy


Innate Abilities, Weirdness & Mutations

You are surrounded by a mild repulsion field. (EV +2)
You may rarely emit foul miasma when damaged in melee.


Message History

The adder hisses angrily.
The howler monkey hoots and howls with incredible vigour!
The scorpion closely misses you. The adder misses you.
Found a stone staircase leading down.
There is an open door here.
You feel sick. The scorpion stings you.
* * * LOW HITPOINT WARNING * * *
You feel sick. The adder bites you but does no damage.
There is a stone staircase leading up here.
You feel sick.
The howler monkey looks more healthy.
The scorpion stings you.
* * * LOW HITPOINT WARNING * * *
You are lethally poisoned!
The scorpion poisons you! The adder barely misses you.
The adder closely misses you. The scorpion barely misses you.
The adder bites you.
* * * LOW HITPOINT WARNING * * *
You climb upwards.
Reactivating autopickup.
* * * LOW HITPOINT WARNING * * *
You feel sick.
There is a stone staircase leading down here.
You feel much better.
You feel sick. The adder closely misses you.
The scorpion stings you but does no damage.
You miss the adder.
You feel sick. The adder closely misses you. The scorpion stings you.
* * * LOW HITPOINT WARNING * * *
You are lethally poisoned!
The scorpion poisons you!
You emit a cloud of foul miasma!
Space bends around you!
You blink.
* * * LOW HITPOINT WARNING * * *
You feel very sick.
The scorpion is engulfed in dark miasma.
The scorpion is poisoned.
The scorpion seems to slow down.
Found a stone staircase leading up.
Okay, then.
Okay, then.
* * * LOW HITPOINT WARNING * * *
You feel very sick.
Found a scratched bone ring.
You die...

#§○......
##S###.####
#s# ..= #..
.... #S##
...
##.###.####
#..........
#....#.####
#..@.#
#....#
#....#
#<...+
#....#
#.....
#.....
##....#


You could see a scorpion (poisoned, slow) and 2 adders.

Vanquished Creatures
  A scorpion (D:5)
  A bullfrog zombie (D:5)
  A hound (D:6)
  Robin (D:3)
  3 gnolls
  2 adders
  2 dart slugs
  4 ball pythons
  5 bats
  5 endoplasms
  A giant cockroach (D:1)
  15 goblins
  10 hobgoblins
  6 jackals
  A quokka (D:2)
  5 frilled lizards
  3 kobolds
  3 rats
69 creatures vanquished.

Vanquished Creatures (others)
  A plant (D:2)
1 creature vanquished.

Grand Total: 70 creatures vanquished

Notes
Turn   | Place    | Note
-------+----------+-------------------------------------------
     0 | Abyss:1  | spiderkeys the Demonspawn Abyssal Knight began the quest
                  | for the Orb.
     0 | Abyss:1  | Reached XP level 1. HP: 18/18 MP: 2/2
    50 | Abyss:1  | Found a corrupted altar of Lugonu.
    56 | Abyss:2  | Noticed a tyrant leech
    79 | Abyss:2  | Noticed a thrashing horror
    83 | D:1      | Escaped the Abyss
   230 | D:1      | Reached skill level 1 in Dodging
   394 | D:1      | Reached * piety under Lugonu
   395 | D:1      | Gained mutation: You may rarely emit foul miasma when
                  | damaged in melee. [demonic ancestry]
   395 | D:1      | Reached XP level 2. HP: 3/24 MP: 4/4
   728 | D:1      | Reached skill level 3 in Invocations
  1182 | D:1      | Gained mutation: You are surrounded by a mild repulsion
                  | field. (EV +2) [demonic ancestry]
  1182 | D:1      | Reached XP level 3. HP: 25/29 MP: 5/5
  2069 | D:2      | Found a faded altar of an unknown god.
  2854 | D:3      | Noticed Purgy
  2964 | D:3      | Identified the +0 helmet of Grim Creativity {Int+5 Dex+4}
  2964 | D:3      | Noticed Robin
  3354 | D:2      | Reached XP level 4. HP: 30/35 MP: 6/6
  3584 | D:3      | Reached ** piety under Lugonu
  4149 | D:3      | Killed Robin
  4303 | D:3      | You fall into a shaft and drop 2 floors!
  4303 | D:5      | Entered Level 5 of the Dungeon
  4325 | D:5      | Noticed a necrophage
  4327 | D:5      | You fall into a shaft and drop 1 floor!
  4334 | D:6      | Reached XP level 5. HP: 35/41 MP: 7/7
  4787 | D:5      | Reached skill level 4 in Invocations
  4978 | D:4      | HP: 1/42 [poisoned by a scorpion]
  4983 | D:4      | Succumbed to a scorpion's poison

Illustrated notes

Levels and vault maps discovered:
D:1:      lemuel_arrival_broad_hall, layout_loops_corners
D:2:      cheibrodos_old_hovel, layout_loops_corners, serial_forest,
          infiniplex_forest_3_way, infiniplex_forest_straight_4,
          infiniplex_forest_end_2, infiniplex_forest_lined_room_3,
          infiniplex_forest_clump_small, basic_ecumenical_altar
D:3:      layout_basic, roderic_roman_lattice, uniq_robin, uniq_purgy
D:4:      layout_basic, ebering_ghost_sewer_f, serial_shops, shop
D:5:      layout_gridville, amcnicky_altar_gilded
D:6:      layout_loops_ring, minmay_temple_entry_stoned_glass

Skill      XL: |  1  2  3  4  5 |
---------------+----------------+-----
Dodging        | 1 2 |  2.1
Polearms       | 2 3 |  3.5
Armour         | 2 |  2.8
Invocations    | 3 4 |  4.1
Fighting       | |  3.7

Action                   |  1- 3 |  4- 6 || total
-------------------------+-------+-------++-------
Melee: Spear             |   161 |   120 ||   281
Invok: Depart the Abyss  |     1 |       ||     1
       Bend Space        |       |     1 ||     1
  Use: Scroll            |     8 |     2 ||    10
       Potion            |       |     2 ||     2
 Stab: Sleeping          |     2 |       ||     2
       Distracted        |     1 |       ||     1
Armor: Leather armour    |    21 |       ||    21
       Ring mail         |    21 |    30 ||    51
Dodge: Dodged            |    76 |    79 ||   155

Table legend: (Time is in decaauts)
 A = Elapsed time spent in this place.
 B = Non-inter-level travel time spent in this place.
 C = Inter-level travel time spent in this place.
 D = Time resting spent in this place.
 E = Time spent auto-exploring this place.
 F = Levels seen in this place.
 G = Mean time per level.
                   A        B        C        D        E       F      G
               +--------+--------+--------+--------+--------+-----+--------+
         Total |   4980 |   4759 |    221 |   1285 |   2786 |   8 |  622.5 |
       Dungeon |   4897 |   4676 |    221 |   1285 |   2786 |   6 |  816.2 |
         Abyss |     82 |     82 |      0 |      0 |      0 |   2 |   41.0 |
               +--------+--------+--------+--------+--------+-----+--------+

Top non-repeatable levels by time:
     D:2: 2323 daAuts
     D:1: 1519 daAuts
     D:5: 654 daAuts
     D:3: 377 daAuts
 Abyss:1: 56 daAuts
 Abyss:2: 26 daAuts
     D:6: 18 daAuts
     D:4: 4 daAuts
